 Dungeon Crawl Stone Soup version 0.21.1-1-g345015f (webtiles) character file.

766 Kagorn the Skirmisher (level 7, -2/44 HPs)
             Began as a Gargoyle Fighter on June 8, 2018.
             Was an Initiate of Makhleb.
             Slain by an ogre
             ... wielding a +0 giant club
              (19 damage)
             ... on level 5 of the Dungeon.
             The game lasted 00:28:38 (3532 turns).

Kagorn the Skirmisher (Gargoyle Fighter)            Turns: 3532, Time: 00:28:39

Health: -2/44      AC: 13    Str: 17 (20) XL:     7   Next: 82%
Magic:  7/7        EV:  8    Int:  6 (8)  God:    Makhleb [......]
Gold:   161        SH:  9    Dex: 10 (11) Spells: 6/6 levels left

rFire    . . .     SeeInvis .   i - +4 short sword (curse)
rCold    . . .     Gourm    .   c - +0 shield
rNeg     + . .     Faith    .   b - +0 scale mail
rPois    ∞         Spirit   .   (no helmet)
rElec    +         Reflect  .   (no cloak)
rCorr    .         Harm     .   (no gloves)
MR       .....                  k - +0 pair of boots
Stlth    +.........             (no amulet)
HPRegen  0.14/turn              (no ring)
MPRegen  0.10/turn              (no ring)

@: no status effects
A: negative energy resistance 1, electricity resistance, unbreathing,
petrification resistance, rot immunity, AC +4
a: Renounce Religion


You were on level 5 of the Dungeon.
You worshipped Makhleb.
Makhleb was noncommittal.
You were not hungry.

You visited 1 branch of the dungeon, and saw 5 of its levels.

You collected 161 gold pieces.

Inventory:

Hand Weapons
 a - a +0 long sword
 d - a +3 short sword of freezing
 e - a +3 short sword
 i - a cursed +4 short sword (weapon)
 m - a +0 war axe of flaming
 o - a +1 short sword of draining
 u - a +0 hand axe of electrocution
Missiles
 g - 6 tomahawks of dispersal (quivered)
Armour
 b - a +0 scale mail (worn)
 c - a +0 shield (worn)
 k - a +0 pair of boots (worn)
Scrolls
 f - 2 scrolls of identify
 h - a scroll of fog
 n - 3 scrolls of blinking
Potions
 j - 2 potions of might
Comestibles
 p - a ration


   Skills:
 + Level 4.9 Fighting
 * Level 1.1(1.9) Short Blades
 - Level 2.2(2.3) Long Blades
 - Level 3.0 Axes
 + Level 4.8 Armour
 + Level 2.4 Dodging
 + Level 3.3 Stealth
 + Level 4.7 Shields


You had 6 spell levels left.
You didn't know any spells.

Dungeon Overview and Level Annotations

Branches:
Dungeon (5/15)
 Temple: D:4-7

Altars:
Makhleb


Innate Abilities, Weirdness & Mutations

You are resistant to torment.
Your stone body is resilient. (AC +4)
You are immune to poison.
You resist negative energy. (rN+)
You are resistant to electric shocks. (rElec)
You can survive without breathing.
You are immune to petrification.
You are immune to rotting.


Message History

a leather armour; an orc corpse
Found a stone staircase leading up.
There is a stone staircase leading up here.
You climb upwards.
You hear the hiss of flowing sand.
There is an entrance to an ossuary on this level.
Hurry and find it before the portal is buried!
You hear the slow hiss of a very distant avalanche of sand.
The ogre shouts!
A jackal skeleton comes into view.
Found an escape hatch in the floor.
There is a stone staircase leading down here.
You puncture the ogre!
The ogre is moderately wounded.
The ogre hits you with a giant club!!
Ouch! That really hurt!
The jackal skeleton barely misses you.
You climb downwards.
There is a stone staircase leading up here.
The ogre hits you with a giant club!!
You die...

.#.......#.....
.#....#.##......
.#...#...#..# #. .#
.........#..###. .#
..)..#.......#... #.#..#
...#####.....#..# #.#..#
................. ..#..#
.#...#.....###..########.#..#
.#..............@O<......#..#
##.#[#.†.(.#######.####.....#
.#......####.........##..##.#
.#.......................##.#
......######.##########.....#
......# #.# #..#######.
..##### #.# #....[..... ..#
#.# #.######### ### #.# #.#


You could see an ogre.

Vanquished Creatures
  Sigmund (D:3)
  The ghost of Britaniac the Slasher, an amateur MiFi (D:3)
  5 wights (D:3)
  An orc priest (D:3)
  Terence (D:3)
  A worker ant (D:5)
  4 gnolls (D:3)
  5 adders
  A shadow imp (D:5)
  An ooze (D:2)
  2 worms (D:2)
  3 dart slugs (D:1)
  4 leopard geckos
  4 orcs
  A ball python (D:2)
  5 giant cockroaches
  9 goblins
  5 hobgoblins
  7 jackals
  6 bats
  5 frilled lizards
  4 kobolds
  6 rats
  2 plants (D:3)
84 creatures vanquished.

Vanquished Creatures (others)
  A bush (D:3)
  A plant (D:3)
2 creatures vanquished.

Grand Total: 86 creatures vanquished

Notes
Turn   | Place    | Note
-------+----------+-------------------------------------------
     0 | D:1      | Kagorn the Gargoyle Fighter began the quest for the Orb.
     0 | D:1      | Reached XP level 1. HP: 14/14 MP: 1/1
    75 | D:1      | Reached XP level 2. HP: 12/19 MP: 2/2
   316 | D:1      | Reached XP level 3. HP: 22/23 MP: 3/3
   688 | D:1      | Reached skill level 1 in Stealth
   875 | D:2      | Reached skill level 1 in Dodging
   892 | D:2      | Reached XP level 4. HP: 29/29 MP: 4/4
  1732 | D:3      | Noticed Sigmund
  1762 | D:3      | Killed Sigmund
  1762 | D:3      | Reached XP level 5. HP: 31/33 MP: 5/5
  1762 | D:3      | Reached XP level 6. HP: 36/38 MP: 6/6
  1824 | D:3      | Noticed Terence
  1829 | D:3      | Killed Terence
  2231 | D:3      | Noticed Britaniac's ghost (amateur MiFi)
  2243 | D:3      | Killed Britaniac's ghost
  2243 | D:3      | Reached XP level 7. HP: 35/44 MP: 7/7
  2400 | D:3      | Found a burning altar of Makhleb.
  2403 | D:3      | Became a worshipper of Makhleb the Destroyer
  2970 | D:3      | Reached skill level 1 in Short Blades
  3402 | D:4      | You fall through a shaft!
  3402 | D:5      | Entered Level 5 of the Dungeon
  3532 | D:5      | Slain by an ogre

Skill      XL: |  1  2  3  4  5  6  7 |
---------------+----------------------+-----
Long Blades    | 2 |  2.2
Stealth        | 1 2 3 |  3.3
Dodging        | 1 2 |  2.4
Fighting       | 4 |  4.9
Axes           | 2 3 |  3.0
Armour         | 4 |  4.8
Shields        | 4 |  4.7
Short Blades   | 1 |  1.1

Action                   |  1- 3 |  4- 6 |  7- 9 || total
-------------------------+-------+-------+-------++-------
Melee: Long sword        |   120 |       |       ||   120
       War axe           |       |   111 |       ||   111
       Short sword       |       |    26 |   208 ||   234
  Use: Potion            |       |     3 |     3 ||     6
       Scroll            |       |     1 |     8 ||     9
  Eat: Ration            |       |     2 |     1 ||     3
Armor: Scale mail        |    76 |    73 |    41 ||   190
Dodge: Dodged            |    40 |    33 |    36 ||   109
Block: Shield            |    70 |    83 |    57 ||   210
       Rpst.: Long sword |    15 |       |       ||    15
